 Dungeon Crawl Stone Soup version 0.29.1-15-g9cfb28693d (webtiles) character file.

Game seed: 18430536978811147249

200 wingedge the Chiller (level 5, -4/41 HPs)
             Began as a Demigod Wanderer on Apr 26, 2023.
             Killed by nerve-wracking pain
             ... invoked by Grinder
              (13 damage)
             ... on level 3 of the Dungeon.
             The game lasted 00:09:17 (3231 turns).

wingedge the Chiller (Demigod Wanderer)             Turns: 3231, Time: 00:09:18

Health: -4/41      AC:  7    Str: 17    XL:     5   Next: 24%
Magic:  1/9        EV: 10    Int: 17    God:
Gold:   118        SH:  0    Dex: 12    Spells: 2/6 levels left

rFire   + . .      SeeInvis .   a - +2 dagger (venom)
rCold   . . .      Faith    .   (no shield)
rNeg    . . .      Spirit   .   b - +0 ring mail
rPois   .          Reflect  .   l - +0 helmet
rElec   .          Harm     .   (no cloak)
rCorr   .          Rampage  .   k - +0 pair of gloves "Qasedol" {rF+ Dex+2}
Will    .....                   (no boots)
Stlth   +.........              (no amulet)
HPRegen 0.13/turn               (no ring)
MPRegen 0.11/turn               (no ring)

@: lethally poisoned (-4 -> -19), freezing walls
A: high MP 1, forlorn, divine attributes
a: no special abilities


You were on level 3 of the Dungeon.
You visited 1 branch of the dungeon, and saw 3 of its levels.

You collected 118 gold pieces.

Inventory:

Hand Weapons
 a - a +2 dagger of venom (weapon)
Armour
 b - a +0 ring mail (worn)
 k - the +0 pair of gloves "Qasedol" (worn) {rF+ Dex+2}
   (You found it on level 2 of the Dungeon)

   Dex:       It affects your dexterity (+2).
   rF:        It protects you from fire.
 l - a +0 helmet (worn)
Magical Staves
 d - a staff of death
Wands
 i - a wand of flame (15)
Scrolls
 c - 3 scrolls of vulnerability
 h - 2 scrolls of identify {unknown}
 j - a scroll of magic mapping {unknown}
 n - 2 scrolls of teleportation {unknown}
Potions
 e - a potion of attraction {unknown}
 f - a potion of curing {unknown}
 g - a potion of haste {unknown}
 m - 2 potions of heal wounds {unknown}


   Skills:
 - Level 2.0 Fighting
 - Level 1.7 Polearms
 - Level 2.0 Armour
 - Level 1.0 Dodging
 + Level 1.3 Spellcasting
 + Level 5.1 Ice Magic


You had 2 spell levels left.
You knew the following spells:

 Your Spells              Type           Power      Damage    Failure   Level
a - Freeze                Ice            72%        1d9       4%          1
b - Frozen Ramparts       Ice            36%        1d6       13%         3

Your spell library contained the following spells:

 Spells                   Type           Power      Damage    Failure   Level
 Ensorcelled Hibernation  Hex/Ice        18%        N/A       19%         2
 Summon Small Mammal      Summ           4%         N/A       36%         1
 Ignite Poison            Fire/Tmut/Pois 1%         N/A       73%         3
 Mephitic Cloud           Conj/Pois/Air  1%         N/A       73%         3
 Freezing Cloud           Conj/Ice/Air   3%         6-21      99%         5


Dungeon Overview and Level Annotations

Branches:
Dungeon (3/15)

Annotations:
D:3 Grinder


Innate Abilities, Weirdness & Mutations

You have an increased reservoir of magic. (+10% MP)
You shall have no god before yourself.
Your divine heritage dramatically boosts your attributes as you level up.


Message History

The water moccasin barely misses you.
Grinder resists.
The wall freezes Grinder.
Aiming: Throw Flame
Press: ? - help, Shift-Dir - straight line, f/p - Grinder
Aim: Grinder (heavily wounded, 64% to hit)
The puff of flame hits Grinder.
Grinder is heavily wounded.
The wall freezes the water moccasin but does no damage.
The water moccasin closely misses you.
Grinder completely resists.
The wall freezes Grinder but does no damage.
Grinder hits you.
You writhe in agony.
Aiming: Throw Flame
Press: ? - help, Shift-Dir - straight line, f/p - Grinder
Aim: Grinder (heavily wounded, 64% to hit)
The puff of flame hits Grinder but does no damage.
Grinder is heavily wounded.
The wall freezes the water moccasin.
The water moccasin bites you!
Grinder completely resists.
The wall freezes Grinder but does no damage.
Grinder gestures at you. Pain shoots through your body!
Aiming: Throw Flame
Press: ? - help, Shift-Dir - straight line, f/p - Grinder
Aim: Grinder (heavily wounded, 64% to hit)
The puff of flame hits Grinder.
Grinder is severely wounded.
The wall freezes the water moccasin.
The water moccasin seems to slow down.
The water moccasin bites you but does no damage.
Grinder resists.
The wall freezes Grinder.
Grinder misses you.
Aiming: Throw Flame
Press: ? - help, Shift-Dir - straight line, f/p - Grinder
Aim: Grinder (severely wounded, 64% to hit)
The puff of flame misses Grinder.
The wall freezes the water moccasin.
The water moccasin seems to slow down.
The water moccasin bites you.
* * * LOW HITPOINT WARNING * * *
You are lethally poisoned!
The water moccasin poisons you!
Grinder resists.
The wall freezes Grinder.
Grinder gestures at you. Pain shoots through your body!
You die...

# #. #. #
#####.##########.#
............)..#^###.#
#.....[.†.........#
#.##<######5#...## #.#
#@# .# #.# #.#S...#
#.# #.. ....... ...
..#. ....... ...###..
....... .#. #. ....###
#. .# ## #...# ...#


You could see Grinder and a water moccasin (slow).

Vanquished Creatures
  Jessica (D:2)
  Natasha (twice) (D:2)
  Robin (D:2)
  3 gnolls (D:2)
  2 worms (D:2)
  2 dart slugs (D:1)
  An orc (D:3)
  4 bats
  3 endoplasms
  2 giant cockroaches (D:2)
  23 goblins
  3 hobgoblins
  4 kobolds
  4 quokkas
  6 ball pythons
  2 frilled lizards (D:1)
  4 rats
67 creatures vanquished.

Notes
Turn   | Place    | Note
-------+----------+-------------------------------------------
     0 | D:1      | wingedge the Demigod Wanderer began the quest for the Orb.
     0 | D:1      | wingedge set off with the following items: a +0 spear, a +0
                  | ring mail, a scroll of vulnerability; and the following
                  | spell memorised: Freeze; and the following spells available
                  | to memorise: Ensorcelled Hibernation, Frozen Ramparts.
     0 | D:1      | Reached XP level 1. HP: 16/16 MP: 4/4
   200 | D:1      | Reached skill level 3 in Ice Magic
   359 | D:1      | Reached XP level 2. HP: 20/23 MP: 1/5
   529 | D:1      | Got Plato's Disquisition on the Throng
  1268 | D:1      | Reached XP level 3. HP: 25/28 MP: 6/6
  1325 | D:1      | Learned a level 3 spell: Frozen Ramparts
  1378 | D:2      | Noticed Robin
  1383 | D:1      | Reached skill level 4 in Ice Magic
  1460 | D:2      | Noticed Jessica
  1578 | D:2      | Killed Jessica
  1789 | D:2      | Reached XP level 4. HP: 23/36 MP: 0/8
  1943 | D:2      | Noticed Natasha
  1958 | D:2      | Killed Natasha
  2544 | D:2      | Identified the +0 pair of gloves "Qasedol" {rF+ Dex+2}
  2745 | D:2      | Killed Robin
  2748 | D:2      | Reached skill level 5 in Ice Magic
  2921 | D:2      | Noticed Natasha
  2935 | D:2      | Reached XP level 5. HP: 28/41 MP: 3/9
  2938 | D:2      | Killed Natasha
  3215 | D:3      | Noticed a water moccasin
  3216 | D:3      | Noticed Grinder
  3231 | D:3      | Killed from afar by Grinder

Illustrated notes

Levels and vault maps discovered:
D:1:      psy_arrival_basics, layout_loops_cross,
          shapermc_ecumenical_altar_rom_forum
D:2:      layout_basic, basic_altar, uniq_natasha, uniq_jessica, uniq_robin
D:3:      layout_loops_ring, mainiacjoe_overflow_divided_tiny,
          grunt_ministairs_8, nicolae_shop_vocational, uniq_grinder

Skill      XL: |  1  2  3  4  5 |
---------------+----------------+-----
Ice Magic      | 3 4 5 |  5.1
Fighting       | 2 |  2.0
Armour         | 2 |  2.0
Polearms       | |  1.7
Dodging        | |  1.0
Spellcasting   | |  1.3

Action                   |  1- 3 |  4- 6 || total
-------------------------+-------+-------++-------
Melee: Spear             |     8 |       ||     8
       Dagger            |    19 |    28 ||    47
       Punch             |     1 |       ||     1
 Cast: Freeze            |    47 |    35 ||    82
       Frozen Ramparts   |       |     6 ||     6
Evoke: Wand              |       |     9 ||     9
Armor: Ring mail         |    30 |    20 ||    50
Dodge: Dodged            |    32 |    25 ||    57
